 Dungeon Crawl Stone Soup version 0.28.0 (webtiles) character file.

Game seed: 13939705863279844700

577 cbfl8 the Sneak (level 7, 0/50 (61) HPs)
             Began as a Minotaur Delver on Feb 13, 2022.
             Was an Initiate of Trog.
             Killed from afar by Dowan (11 damage)
             ... with a shard of ice
             ... on level 4 of the Dungeon.
             The game lasted 00:07:30 (3935 turns).

cbfl8 the Sneak (Minotaur Delver)                   Turns: 3935, Time: 00:07:30

HP:   0/50 (61)     AC: 13    Str: 19    XL:     7   Next: 13%
MP:   0/15          EV:  6    Int: 11    God:    Trog [......]
Gold: 79            SH:  0    Dex: 14    Spells: 6/6 levels left

rFire   . . .      SeeInvis .   t - +2 quarterstaff (chaos)
rCold   . . .      Faith    .   (shield currently unavailable)
rNeg    . . .      Spirit   +   n - +0 plate armour
rPois   .          Reflect  .   (helmet restricted)
rElec   .          Harm     .   l - +0 cloak
rCorr   .          Rampage  .   h - +0 pair of gloves
Will    +....                   (no boots)
Stlth   ..........              p - amulet of Hifawk {Spirit *Slow Int+4 Dex+3}
HPRegen 0.16/turn               k - ring of magical power
MPRegen 0.14/turn               w - ring of willpower

@: slowed, heavily drained, very slow
A: horns 2, retaliatory headbutt
a: Renounce Religion


You were on level 4 of the Dungeon.
You worshipped Trog.
Trog was noncommittal.
You visited 2 branches of the dungeon, and saw 6 of its levels.

You collected 79 gold pieces.

Inventory:

Hand Weapons
 a - a +0 hand axe
 r - a +2 short sword of freezing
 t - a +2 quarterstaff of chaos (weapon)
 u - the +6 mace "Geizxom" {spect, Drain rCorr Dex+5}
   (You found it on level 2 of the Dungeon)

   When its wielder attacks, the weapon's spirit leaps out and strikes again.
   The spirit shares a part of any damage it takes with its wielder.
   Dex:       It affects your dexterity (+5).
   rCorr:     It protects you from acid and corrosion.
   Drain:     It drains your maximum health when unequipped.
Armour
 b - a +0 leather armour
 h - a +0 pair of gloves (worn)
 l - a +0 cloak (worn)
 n - a +0 plate armour (worn)
Jewellery
 k - a ring of magical power (left hand)
 p - the amulet of Hifawk (around neck) {Spirit *Slow Int+4 Dex+3}
   (You found it on level 2 of the Dungeon)

   [amulet of guardian spirit]

   It causes incoming damage to be divided between your reserves of health and
   magic.
   Int:       It affects your intelligence (+4).
   Dex:       It affects your dexterity (+3).
   *Slow:     It may slow you when you take damage.
 w - a ring of willpower (right hand)
Wands
 g - a wand of digging (3)
Scrolls
 c - a scroll of fog
 d - a scroll of magic mapping
 e - a scroll of fear
 i - 3 scrolls of identify {unknown}
 j - a scroll of enchant armour {unknown}
 m - 2 scrolls of teleportation {unknown}
 o - a scroll of silence {unknown}
 s - a scroll of blinking {unknown}
 x - 3 scrolls of amnesia {unknown}
Potions
 f - a potion of haste
 q - 2 potions of lignification {unknown}
 v - a potion of mutation {unknown}
 z - a potion of might {unknown}
 A - a potion of attraction {unknown}


   Skills:
 + Level 5.0 Fighting
 + Level 5.1 Axes
 + Level 2.7 Staves
 + Level 3.4 Armour
 + Level 2.8 Dodging
 + Level 5.4 Stealth


You had 6 spell levels left.
You didn't know any spells.
Your spell library contained the following spells:

 Spells                   Type           Power      Damage    Failure   Level
 Dazzling Flash           Conj/Hex       0%         N/A       100%        3
 Iskenderun's Mystic Bla  Conj/Tloc      0%         2d3       100%        4
 Starburst                Conj/Fire      0%         6d3       100%        6


Dungeon Overview and Level Annotations

Branches:
Dungeon (5/15)             Temple (1/1) D:4

Altars:
Ashenzari
Cheibriados
Dithmenos
Gozag
Kikubaaqudgha
Nemelex Xobeh
Okawaru
Ru
Sif Muna
Trog
Uskayaw
Wu Jian
Yredelemnul
Zin
The Shining One

Shops:
D:3 *   D:4 ?

Annotations:
D:4 Dowan


Innate Abilities, Weirdness & Mutations

You have a pair of horns on your head.
You reflexively headbutt those who attack you in melee.


Message History

Duvessa is severely wounded.
Duvessa hits you but does no damage.
You feel drained.
Dowan points at you and mumbles some strange words.
The puff of frost hits you but does no damage.
Dowan hits you but does no damage. Duvessa hits you but does no damage.
You feel drained.
You closely miss Duvessa.
Duvessa is severely wounded.
Duvessa hits you but does no damage.
You feel drained. Dowan barely misses you.
Unknown command.
You sock Duvessa!
Duvessa suddenly seems more agile.
Duvessa is almost dead.
Duvessa barely misses you.
Dowan casts a spell.
Dowan blinks!
Duvessa hits you with a +1 short sword of draining.
You feel drained. Dowan hits you but does no damage.
You hit Duvessa.
You kill Duvessa!
Trog accepts your kill.
Dowan screams, "No!
Oh no!"
Dowan seems to find hidden reserves of power!
Dowan hits you but does no damage. Dowan barely misses you.
Dowan hits you but does no damage.
Your Fighting skill increases to level 5!
Your Staves skill increases to level 2!
You have reached level 7!
You hit Dowan. You freeze Dowan. You headbutt Dowan, but do no damage.
Dowan is moderately wounded.
Dowan hits you but does no damage. x2
Dowan gestures wildly while chanting.
Dowan blinks!
Unknown command.
Dowan casts a spell at you. The stone arrow hits you!
* * * LOW HITPOINT WARNING * * *
Unknown command.
Dowan points at you and mumbles some strange words.
The shard of ice hits you!
You die...

.........#.##..#.##.##)
##.....#...............
.........#..#....#.#.#
...........##....#.#
.....††##..##....#.###.#
............+...........
##..#..##..##....#.###..
#..#...⌠.⌠###+#.#...
#..#....∩.###.#@# .#..
......#⌠.⌠....e.# .# ..
...............#.# # .
## .#.###..##...).......
..... ......#.#..##.#
..###........ # . # ..#
..... #..# ###.# .... .


You could see Dowan (fast).

Vanquished Creatures
  Duvessa (D:4)
  A scorpion (D:5)
  A water moccasin skeleton (D:4)
  An orc priest (D:2)
  A jelly (D:5)
  Crazy Yiuf (D:2)
  Jessica (D:3)
  Natasha (thrice) (D:2)
  A howler monkey zombie (D:3)
  Robin (D:2)
  8 adders
  5 dart slugs
  4 orcs
  8 bats
  6 endoplasms
  3 giant cockroaches
  15 goblins
  8 hobgoblins
  A quokka (D:2)
  4 ball pythons
  2 frilled lizards (D:1)
  9 kobolds
  5 rats
90 creatures vanquished.

Vanquished Creatures (others)
  3 plants (D:1)
  11 withered plants (D:1)
14 creatures vanquished.

Grand Total: 104 creatures vanquished

Notes
Turn   | Place    | Note
-------+----------+-------------------------------------------
     0 | D:5      | cbfl8 the Minotaur Delver began the quest for the Orb.
     0 | D:5      | Reached XP level 1. HP: 19/19 MP: 0/0
    14 | D:5      | Noticed a jelly
    20 | D:5      | Killed a jelly
    21 | D:5      | Reached XP level 2. HP: 26/27 MP: 1/1
    21 | D:5      | Reached XP level 3. HP: 31/33 MP: 2/2
    94 | D:5      | Noticed a scorpion
    95 | D:5      | Found a sacrificial altar of Ru.
   113 | D:5      | Killed a scorpion
   114 | D:5      | Reached skill level 5 in Stealth
   114 | D:5      | Reached XP level 4. HP: 12/40 MP: 3/3
   762 | D:1      | Found a faded altar of an unknown god.
  1465 | D:2      | Identified the amulet of Hifawk {Spirit *Slow Int+4 Dex+3}
  1473 | D:2      | Identified the +2 robe "Kicomew" {Fly Str+4}
  1564 | D:2      | Reached skill level 1 in Armour
  1564 | D:2      | Reached XP level 5. HP: 41/47 MP: 4/4
  1568 | D:2      | Noticed Natasha
  1590 | D:2      | Killed Natasha
  2088 | D:2      | Noticed Robin
  2098 | D:2      | Killed Robin
  2212 | D:2      | Found a runed translucent door.
  2213 | D:2      | Noticed Crazy Yiuf
  2345 | D:2      | Noticed Natasha
  2359 | D:2      | Killed Natasha
  2360 | D:2      | Reached XP level 6. HP: 53/53 MP: 5/5
  2372 | D:2      | Noticed Natasha
  2384 | D:2      | Killed Natasha
  2643 | D:2      | Killed Crazy Yiuf
  2649 | D:2      | Identified the +6 mace "Geizxom" {spect, Drain rCorr Dex+5}
  2926 | D:3      | Reached skill level 5 in Axes
  3158 | D:3      | Found a basalt altar of Yredelemnul.
  3299 | D:3      | Noticed Jessica
  3300 | D:3      | Found Wuary's Assorted Antiques.
  3304 | D:3      | Killed Jessica
  3679 | D:4      | Reached skill level 1 in Staves
  3718 | D:4      | Found Yfeocwuh's Magic Scroll Shoppe.
  3731 | D:4      | Found a staircase to the Ecumenical Temple.
  3752 | Temple   | Entered the Ecumenical Temple
  3888 | Temple   | Became a worshipper of Trog the Wrathful
  3917 | D:4      | Noticed Dowan
  3918 | D:4      | Noticed Duvessa
  3932 | D:4      | Killed Duvessa
  3933 | D:4      | Reached skill level 5 in Fighting
  3933 | D:4      | Reached XP level 7. HP: 18/50 MP: 6/6
  3935 | D:4      | Killed from afar by Dowan

Illustrated notes

Levels and vault maps discovered:
D:1:      scummos_arrival_simple_fountains, layout_basic,
          shapermc_ecumenical_altar_flowoftime, st_stairs_9,
          kennysheep_pointless_box, patterned_corridor
D:2:      layout_loops_ring, minmay_small_reverse_x, uniq_natasha, uniq_robin,
          uniq_crazy_yiuf_cottage
D:3:      layout_basic, mainiacjoe_overflow_chevrons, serial_shops,
          nicolae_shop_advertising_works [nicolae_subvault_shop_adworks],
          uniq_jessica
D:4:      layout_basic, minmay_temple_entry_ruins, serial_shops, shop_fountains,
          uniq_duvessa
D:5:      nicolae_cairo_tiling, layout_basic, nicolae_ru_awakened_eye
Temple:   dshaligram_water_room_temple

Skill      XL: |  1  2  3  4  5  6 |
---------------+-------------------+-----
Fighting       | 4 5 |  5.0
Stealth        | 5 |  5.4
Axes           | 3 4 5 |  5.1
Armour         | 1 2 3 |  3.4
Staves         | 2 |  2.7
Dodging        | |  2.8

Action                   |  1- 3 |  4- 6 |  7- 9 || total
-------------------------+-------+-------+-------++-------
Melee: Hand axe          |    13 |   199 |       ||   212
       Headbutt          |     4 |    53 |     1 ||    58
       Punch             |     1 |     3 |       ||     4
       Quarterstaff      |       |    56 |     1 ||    57
 Stab: Sleeping          |       |     3 |       ||     3
Armor: Leather armour    |     1 |    17 |       ||    18
       Plate armour      |       |   153 |     2 ||   155
Dodge: Dodged            |     7 |    90 |       ||    97
